cohdb
Replays
Latest Replays
All Replays
Popular Replays
Top Player Replays
Match Explorer
How It Works
Community
CoH3 Stats
Reddit
Sign in to upload your games and track your stats! →
Sign in with Steam
Match 42492754
Unlisted
Match 42492754
Overview
Messages
Build Orders
End
Kettenkrad Recon Vehicle
Selects Italian Coastal Battlegroup
Selects Coastal Reserves
Coastal Reserve
Coastal Reserve
Coastal Reserve
Construct Infanterie Kompanie
Medical Bunker
Selects Artillery Officer
Artillery Officer
Coastal Reserve
Construct Panzergrenadier Kompanie
Pak 40 Anti-tank Gun Team
Selects Support Bunkers
Infanterie Officer Quarters
Pak 40 Anti-tank Gun Team
-=48th*SmileMan=-
gabriel099
Insomniac
Rurutia
0
0
Comments
sign in to comment!
No comments posted yet!